 Dungeon Crawl Stone Soup version 0.23.2-33-g5129a83184 (webtiles) character file.

Game seed: 5017036389603055439

387 kae the Insei (level 6, -5/43 HPs)
             Began as a Demonspawn Transmuter on July 19, 2019.
             Was an Initiate of Wu Jian.
             Slain by an ice beast (10 damage)
             ... on level 5 of the Dungeon.
             The game lasted 00:05:09 (4645 turns).

kae the Insei (Demonspawn Transmuter)               Turns: 4645, Time: 00:05:09

Health: -5/43      AC:  2    Str: 11    XL:     6   Next: 49%
Magic:  17/19      EV: 18    Int: 14    God:    Wu Jian [......]
Gold:   220        SH:  0    Dex: 20    Spells: 5/11 levels left

rFire    + . .     SeeInvis .     - Unarmed
rCold    x . .     Gourm    .   (shield currently unavailable)
rNeg     . . .     Faith    .   (armour currently unavailable)
rPois    x         Spirit   .   (helmet currently unavailable)
rElec    .         Reflect  .   (cloak currently unavailable)
rCorr    .         Harm     .   (gloves currently unavailable)
MR       .....                  (boots currently unavailable)
Stlth    +++.......             (no amulet)
HPRegen  0.14/turn              i - ring of magical power
MPRegen  0.16/turn              l - ring of fire

@: spider-form (expiring), drained
A: tiny, nightstalker 1, rot immunity
a: End Transformation, Renounce Religion


You were on level 5 of the Dungeon.
You worshipped Wu Jian.
Wu Jian was noncommittal.
You were very hungry.
You were a venomous arachnid creature.
You visited 2 branches of the dungeon, and saw 6 of its levels.

You collected 220 gold pieces.

Inventory:

Missiles
 a - 24 arrows
Armour
 b - a +0 robe (melded)
 m - a +2 pair of gloves (melded)
Jewellery
 i - a ring of magical power (left front leg)
 l - a ring of fire (right front leg)
Scrolls
 h - 3 scrolls of teleportation
Potions
 c - 3 potions of agility
 e - 3 potions of lignification
 f - 2 potions of brilliance
 g - a potion of heal wounds
 j - a potion of degeneration {unknown}
 k - a potion of mutation {unknown}
 n - 2 potions of invisibility {unknown}
 o - a potion of haste {unknown}
 p - a potion of berserk rage {unknown}
 q - a potion of curing {unknown}
Comestibles
 d - 5 rations


   Skills:
 - Level 1.0(0.2) Fighting
 - Level 1.7(0.9) Dodging
 * Level 4.7(3.9) Unarmed Combat
 + Level 3.3(2.5) Spellcasting
 * Level 4.2(3.3) Transmutations


You had 5 spell levels left.
You knew the following spells:

 Your Spells              Type           Power        Failure   Level  Hunger
a - Beastly Appendage     Tmut           ##....       17%         1    #......
b - Sticks to Snakes      Tmut           ##......     22%         2    ###....
c - Spider Form           Tmut/Pois      #.........   56%         3    ###....

Your spell library contained the following spells:

 Spells                   Type           Power        Failure   Level  Hunger
 Ice Form                 Ice/Tmut       #.......     89%         4    #####..
 Blade Hands              Tmut           ##........   95%         5    ######.


Dungeon Overview and Level Annotations

Branches:
Dungeon (5/15)             Temple (1/1) D:4

Altars:
Ashenzari
Cheibriados
Dithmenos
Elyvilon
Fedhas
Gozag
Hepliaklqana
Kikubaaqudgha
Makhleb
Nemelex Xobeh
Okawaru
Qazlal
Ru
Sif Muna
Trog
Uskayaw
Vehumet
Wu Jian
Xom
Yredelemnul
Zin
The Shining One

Annotations:
D:4 Dowan, Duvessa


Innate Abilities, Weirdness & Mutations

((You are partially covered in molten scales. (AC +2)))
You are slightly more attuned to the shadows.
You are immune to rotting.


Message History

The ice beast is lightly wounded.
Your transformation is almost over.
The ice beast closely misses you.
You hit the ice beast but do no damage.
The ice beast is lightly wounded.
The ice beast hits you. The ice beast freezes you!
You feel a terrible chill!
You hit the ice beast.
The ice beast is poisoned.
The ice beast is moderately wounded.
The ice beast hits you. The ice beast freezes you!!
You feel a terrible chill!
* * * LOW HITPOINT WARNING * * *
You are too injured to fight recklessly!
You are too injured to fight recklessly!
You are too injured to fight recklessly!
You are too injured to fight recklessly!
You hit the ice beast but do no damage.
The ice beast is moderately wounded.
The ice beast hits you.
* * * LOW HITPOINT WARNING * * *
The ice beast freezes you!
You feel a terrible chill!
You die...

#################
#....#...........
#....+...........
#....#...........
#....#...........
#...(#...........
#...<#....sY.....
##..#####'#######
...####..#...........
.........'...........
.........#...........
.........#...........
#+###.(###...........
#..#.....########
....#.....#


You could see an ice beast.

Vanquished Creatures
  An ogre (D:4)
  A quasit (D:4)
  An orc priest (D:4)
  An orc wizard (D:4)
  An iguana (D:4)
  3 worker ants (D:4)
  3 gnolls (D:2)
  3 adders
  A worm (D:3)
  A dart slug (D:4)
  A leopard gecko (D:3)
  4 orcs
  2 ball pythons (D:3)
  5 bats
  6 giant cockroaches
  5 goblins
  3 hobgoblins (D:1)
  6 jackals (D:4)
  5 kobolds
  A quokka (D:4)
  2 frilled lizards
  5 rats
61 creatures vanquished.

Vanquished Creatures (collateral kills)
  A gnoll (D:1)
  An adder (D:4)
  A bat (D:3)
  A frilled lizard (D:3)
  A leopard gecko skeleton (D:4)
5 creatures vanquished.

Grand Total: 66 creatures vanquished

Notes
Turn   | Place    | Note
-------+----------+-------------------------------------------
     0 | D:1      | kae the Demonspawn Transmuter began the quest for the Orb.
     0 | D:1      | Reached XP level 1. HP: 15/15 MP: 3/3
   147 | D:1      | Gained mutation: You are slightly more attuned to the
                  | shadows. [demonic ancestry]
   147 | D:1      | Reached XP level 2. HP: 11/21 MP: 5/5
   515 | D:1      | Learned a level 2 spell: Sticks to Snakes
  1180 | D:2      | Found an opulent altar of Gozag.
  1303 | D:2      | Gained mutation: You are partially covered in molten
                  | scales. (AC +2) [demonic ancestry]
  1303 | D:2      | Reached XP level 3. HP: 23/26 MP: 4/6
  1861 | D:1      | Learned a level 3 spell: Spider Form
  1874 | D:2      | Reached XP level 4. HP: 30/32 MP: 4/7
  2889 | D:4      | Reached XP level 5. HP: 27/37 MP: 9/9
  3262 | D:4      | Found a staircase to the Ecumenical Temple.
  3330 | Temple   | Entered the Ecumenical Temple
  3505 | Temple   | Became a worshipper of the Wu Jian Council
  3689 | D:4      | Noticed Dowan
  3722 | D:4      | Noticed Duvessa
  3998 | D:4      | Noticed an ogre
  4011 | D:4      | Killed an ogre
  4011 | D:4      | Gained mutation: You are immune to rotting. [demonic
                  | ancestry]
  4011 | D:4      | Reached XP level 6. HP: 8/43 MP: 10/10
  4619 | D:5      | Entered Level 5 of the Dungeon
  4635 | D:5      | Noticed an ice beast
  4645 | D:5      | Slain by an ice beast

Skill      XL: |  1  2  3  4  5 |
---------------+----------------+-----
Transmutations | 2 3 4 |  4.2
Unarmed Combat | 3 4 |  4.7
Spellcasting   | 3 |  3.3
Fighting       | |  1.0
Dodging        | |  1.7

Action                   |  1- 3 |  4- 6 || total
-------------------------+-------+-------++-------
Melee: Unarmed           |   120 |   192 ||   312
       Kick              |     6 |     3 ||     9
       Headbutt          |     2 |     6 ||     8
       Punch             |       |     1 ||     1
 Cast: Beastly Appendage |    16 |    14 ||    30
       Sticks to Snakes  |     1 |     7 ||     8
       Spider Form       |     1 |     6 ||     7
Invok: Lunge             |       |     2 ||     2
  Use: Scroll            |     3 |     5 ||     8
 Stab: Sleeping          |     4 |     6 ||    10
  Eat: Chunk             |     4 |     9 ||    13
Armor: Robe              |    20 |    62 ||    82
       Skin              |       |     8 ||     8
Dodge: Dodged            |    66 |   129 ||   195
